 Dungeon Crawl Stone Soup version 0.31.0-9-g3a7656b989 (webtiles) character file.

Game seed: 16116239985055296639

193 qw the Skirmisher (level 5, -3/29 HPs)
             Began as a Deep Elf Hunter on Feb 2, 2024.
             Slain by a gnoll
             ... wielding a +0 spear
              (4 damage)
             ... on level 3 of the Dungeon.
             The game lasted 00:00:10 (2113 turns).

qw the Skirmisher (Deep Elf Hunter)                 Turns: 2113, Time: 00:00:10

Health: -3/29      AC:  5    Str: 10    XL:     5   Next: 43%
Magic:  7/7        EV: 11    Int: 14    God:
Gold:   155        SH:  0    Dex: 18    Spells: 4/4 levels left

rFire   . . .        a - +1 shortbow
rCold   . . .        (shield currently unavailable)
rNeg    . . .        e - +0 ring mail
rPois   .            (no helmet)
rElec   .            (no cloak)
rCorr   .            (no gloves)
SInv    .            (no boots)
Will    .....        (no amulet)
Stlth   +            (no ring)
HPRegen 0.24/turn    (no ring)
MPRegen 0.10/turn

%: no passive effects
@: no status effects
A: no striking features
a: no special abilities


You were on level 3 of the Dungeon.
You visited 1 branch of the dungeon, and saw 3 of its levels.

You collected 155 gold pieces.


   Skills:
 + Level 1.5 Fighting
 - Level 9.0 Ranged Weapons
 - Level 2.4 Dodging
 - Level 1.2 Stealth


You had 4 spell levels left.
You didn't know any spells.
Your spell library was empty.

Inventory:

Hand Weapons
 a - a +1 shortbow (weapon)
Armour
 e - a +0 ring mail (worn)
Wands
 d - a wand of polymorph (13)
Scrolls
 f - a scroll of amnesia {unknown}
 g - 2 scrolls of identify
 i - 3 scrolls of fog {unknown}
Potions
 b - a potion of brilliance {unknown}
 c - a potion of resistance {unknown}
 h - 2 potions of lignification {unknown}

Dungeon Overview and Level Annotations

Branches:
Dungeon (3/15)

Altars:
Ru

Shops:
D:1 (


Message History

The gnoll shouts!
A gnoll comes into view. It is wielding a +0 club.
You shoot an arrow. The gnoll shouts!
The arrow hits the gnoll.
The gnoll is heavily wounded.
You shoot an arrow. The arrow hits the gnoll!
You kill the gnoll!
You shoot an arrow. The arrow hits the gnoll.
The gnoll is moderately wounded.
You shoot an arrow. The arrow hits the gnoll!
The gnoll is almost dead.
The gnoll closely misses you.
You shoot an arrow. The arrow barely misses the gnoll.
The gnoll hits you with a +0 club.
The gnoll hits you from afar with a +0 spear!
The gnoll barely misses you.
You shoot an arrow. The arrow hits the gnoll.
You kill the gnoll!
The gnoll hits you from afar with a +0 spear.
Your Ranged Weapons skill increases to level 9!
You shoot an arrow. The arrow barely misses the gnoll.
The gnoll closely misses you.
You shoot an arrow. The arrow hits the gnoll.
The gnoll is lightly wounded.
The gnoll hits you from afar with a +0 spear.
You shoot an arrow.
The arrow hits the gnoll but does no damage.
The gnoll is lightly wounded.
The gnoll hits you from afar with a +0 spear.
You shoot an arrow.
The arrow hits the gnoll but does no damage.
The gnoll is lightly wounded.
The gnoll hits you from afar with a +0 spear.
You shoot an arrow. The arrow hits the gnoll!
The gnoll is almost dead.
The gnoll misses you.
You shoot an arrow. The arrow barely misses the gnoll.
The gnoll hits you from afar with a +0 spear.
You die...

..........#...#####.#............
#................##.....#.#....##
#................##.#.#.###......
#...######.......##...#. . .....
#.......##............. ....#
........'........).... ...
.#..%...#########g... . ..
.....#..........)##.####...##....
.#.#.#..........@##...##...##....
+#.#.#.....................##....
...#.##########.......#....##....
.......# .##.......#..).##....
.......# ...........#.....#....
.......# ............#.....#....
#......# !...............#......
.......# .<..#...........##..#.#
#......# ....#...............#.#


You could see a gnoll.

Vanquished Creatures
  An orc wizard (D:3)
  Natasha (twice) (D:2)
  4 adders (D:3)
  3 gnolls (D:3)
  2 ribbon worms (D:2)
  7 bats
  4 endoplasms
  2 giant cockroaches
  7 goblins
  3 hobgoblins
  2 jackals (D:2)
  2 quokkas
  4 ball pythons
  2 frilled lizards
  4 kobolds
  5 rats
54 creatures vanquished.

Notes
Turn   | Place    | Note
-------+----------+-------------------------------------------
     0 | D:1      | qw the Deep Elf Hunter began the quest for the Orb.
     0 | D:1      | Reached XP level 1. HP: 12/12 MP: 3/3
     0 | D:1      | 0 ||| qw: Version: 0.3-a-155-g5e7d8dd
     0 | D:1      | 0 ||| qw: Game counter: 28
     0 | D:1      | 0 ||| qw: Melee chars always use a shield: true
     0 | D:1      | 0 ||| qw: God list: Okawaru
     0 | D:1      | 0 ||| qw: Allow faded altars: false
     0 | D:1      | 0 ||| qw: Do Orc after clearing Dungeon:15 true
     0 | D:1      | 0 ||| qw: Do second Lair branch before Depths: true
     0 | D:1      | 0 ||| qw: Lair rune preference: random
     0 | D:1      | 0 ||| qw: Goals: Normal
     0 | D:1      | 0 ||| PLANNING D:1-11
     2 | D:1      | You fall into a shaft and drop 1 floor!
    44 | D:2      | 44 ||| READING scroll labelled YRUK ERHOFIE.
    45 | D:2      | 45 ||| DROPPING scroll of butterflies.
    58 | D:1      | 58 ||| RETREEEEATING.
    59 | D:1      | 59 ||| RETREEEEATING.
    60 | D:1      | 60 ||| RETREEEEATING.
    61 | D:1      | 61 ||| RETREEEEATING.
    62 | D:1      | 62 ||| RETREEEEATING.
    63 | D:1      | 63 ||| RETREEEEATING.
    64 | D:1      | 64 ||| RETREEEEATING.
    65 | D:1      | 65 ||| RETREEEEATING.
    66 | D:1      | 66 ||| RETREEEEATING.
    67 | D:1      | 67 ||| RETREEEEATING.
    68 | D:1      | 68 ||| RETREEEEATING.
   131 | D:1      | Reached XP level 2. HP: 16/16 MP: 4/4
   134 | D:1      | Reached skill level 6 in Ranged Weapons
   264 | D:1      | Found a faded altar of an unknown god.
   381 | D:1      | Found Hitusec's Weapon Emporium.
   394 | D:1      | 394 ||| SHOPLISTING +5 arbalest "Gysu Toi" {speed, rPois
                  | Will- Str-2 Dex+6} (539 gold, have 42).
   394 | D:1      | 394 ||| SHOPLISTING +5 orcbow "Haha" {flame, rPois Int+4}
                  | (509 gold, have 42).
   590 | D:1      | Reached XP level 3. HP: 20/20 MP: 5/5
   651 | D:1      | 651 ||| UPGRADING to +0 scale mail.
   661 | D:1      | 661 ||| DROPPING +0 leather armour.
   662 | D:1      | 662 ||| UPGRADING to +0 ring mail.
   672 | D:1      | 672 ||| DROPPING +0 scale mail.
   673 | D:1      | 673 ||| READING scroll labelled IDER HAGUICS.
   674 | D:1      | 674 ||| READING 2 scrolls labelled DIPHE LATHUOLO.
   775 | D:1      | 775 ||| READING 3 scrolls labelled CULAKE UKOUGRI.
   775 | D:1      | 775 ||| IDENTIFYING red potion
   776 | D:1      | 776 ||| READING 2 scrolls of identify.
   776 | D:1      | 776 ||| IDENTIFYING scroll labelled FOSEOL HOBITZ
   777 | D:1      | 777 ||| READING scroll of identify.
   777 | D:1      | 777 ||| IDENTIFYING scroll labelled CAESOU KOWKA
   778 | D:1      | 778 ||| READING scroll of enchant weapon.
   778 | D:1      | 778 ||| ENCHANTING +0 shortbow.
   779 | D:1      | 779 ||| DROPPING potion of degeneration.
   780 | D:1      | 780 ||| DROPPING scroll of vulnerability.
   781 | D:1      | 781 ||| DROPPING scroll of revelation.
   813 | D:2      | Noticed Natasha
   815 | D:2      | Killed Natasha
   816 | D:2      | Reached skill level 7 in Ranged Weapons
  1120 | D:2      | Noticed Natasha
  1126 | D:2      | Killed Natasha
  1127 | D:2      | Reached XP level 4. HP: 25/25 MP: 6/6
  1531 | D:2      | 1531 ||| READING scroll labelled ESCHETR QOUNO.
  1663 | D:3      | Found a sacrificial altar of Ru.
  1674 | D:3      | Reached skill level 8 in Ranged Weapons
  1734 | D:3      | Reached XP level 5. HP: 29/29 MP: 7/7
  2108 | D:3      | Reached skill level 9 in Ranged Weapons
  2110 | D:3      | HP: 5/29 [gnoll/+0 spear (6)]
  2111 | D:3      | HP: 1/29 [gnoll/+0 spear (5)]
  2113 | D:3      | Slain by a gnoll

Levels and vault maps discovered:
D:1:      erik_arrival_orb_chamber, layout_basic,
          hellmonk_ecumenical_altar_crossroads, serial_shops, shop,
          minmay_small_reverse_x
D:2:      layout_basic, kennysheep_generic_room_9, uniq_natasha
D:3:      layout_basic, nicolae_ru_great_annihilating_truth,
          kennysheep_generic_room_10

Skill      XL: |  1  2  3  4  5 |
---------------+----------------+-----
Ranged Weapons | 6 7 8 9 |  9.0
Fighting       | |  1.5
Dodging        | |  2.4
Stealth        | |  1.2

Action                     |  1- 3 |  4- 6 || total
---------------------------+-------+-------++-------
   Fire: Shortbow          |    74 |    87 ||   161
    Use: Scroll            |     7 |     1 ||     8
 Armour: Leather armour    |    22 |       ||    22
         Ring mail         |     4 |    25 ||    29
  Dodge: Dodged            |    31 |    23 ||    54

Table legend:
 A = Non-vault XP
 B = Vault XP
 C = Vault XP percentage of total XP
 D = Non-vault monster count
 E = Vault monster count
 F = Vault count percentage of total count
                 A         B        C        D         E       F
            +---------+---------+-------+---------+---------+-------
      Total |     164 |     112 |  40.6 |      43 |      11 |  20.4
            +---------+---------+-------+---------+---------+-------
        D:1 |      33 |       8 |  19.5 |      22 |       4 |  15.4
        D:2 |      54 |      39 |  41.9 |      10 |       2 |  16.7
        D:3 |      77 |      65 |  45.8 |      11 |       5 |  31.2
            +---------+---------+-------+---------+---------+-------
